 Dungeon Crawl Stone Soup version 0.28-a0-224-g76b539d98b (webtiles) character file.

Game seed: 11448917877875834428

72 Ezendos the Conjurer (level 4, -2/29 HPs)
             Began as an Octopode Conjurer on Aug 21, 2021.
             Slain by a sky beast (5 damage)
             ... on level 2 of the Dungeon.
             The game lasted 00:03:29 (1957 turns).

Ezendos the Conjurer (Octopode Conjurer)            Turns: 1957, Time: 00:03:30

Health: -2/29      AC:  1    Str:  6    XL:     4   Next: 25%
Magic:  8/8        EV: 13    Int: 21    God:
Gold:   49         SH:  0    Dex: 10    Spells: 5/8 levels left

rFire   . . .      SeeInvis .   (no weapon)
rCold   . . .      Faith    .   (no shield)
rNeg    . . .      Spirit   .   (helmet restricted)
rPois   .          Reflect  .   (no amulet)
rElec   .          Harm     .   (no ring)
rCorr   .          Rampage  .   (no ring)
Will    .....                   (no ring)
Stlth   +++.......              (no ring)
HPRegen 0.09/turn               (no ring)
MPRegen 0.11/turn               (no ring)
                                (no ring)
                                (no ring)

@: about to teleport
A: almost no armour, amphibious, 8 rings, camouflage 1, gelatinous body 1,
(nimble swimmer 1), tentacles
a: no special abilities


You were on level 2 of the Dungeon.
You visited 1 branch of the dungeon, and saw 3 of its levels.

You collected 49 gold pieces.

Inventory:

Scrolls
 a - a scroll of torment {unknown}
 d - a scroll of magic mapping {unknown}
 g - a scroll of enchant weapon {unknown}
Potions
 c - a potion of lignification
 e - a potion of flight


   Skills:
 + Level 1.9 Fighting
 - Level 2.0 Dodging
 - Level 3.0 Stealth
 + Level 2.8 Spellcasting
 + Level 4.5 Conjurations


You had 5 spell levels left.
You knew the following spells:

 Your Spells              Type           Power      Damage    Failure   Level
a - Magic Dart            Conj           88%        1d7       1%          1
b - Searing Ray           Conj           44%        3d4       3%          2

Your spell library contained the following spells:

 Spells                   Type           Power      Damage    Failure   Level
 Dazzling Flash           Conj/Hex       24%        N/A       16%         3
 Passwall                 Tmut/Erth      1%         N/A       21%         2
 Swiftness                Air            2%         N/A       38%         3
 Fulminant Prism          Conj/Hex       6%         3d7       47%         4
 Iskenderun's Mystic Bla  Conj/Tloc      12%        2d5       47%         4
 Invisibility             Hex            1%         N/A       100%        6


Dungeon Overview and Level Annotations

Branches:
Dungeon (3/15)

Altars:


Innate Abilities, Weirdness & Mutations

You cannot wear most types of armour.
You are amphibious.
You can wear up to eight rings at the same time.
Your skin changes colour to match your surroundings (Stealth+).
Your rubbery body absorbs attacks. (AC +1, EV +1)
((You are camouflaged near water. (Stealth+)))
You have tentacles for arms and can constrict up to eight enemies at once.


Message History

The sky beast flickers out of sight!
Deactivating autopickup; reactivate with Ctrl-A.
A sky beast appears from thin air!
Reactivating autopickup.
You see here 20 bolts.
Press: ? - help, v - describe, . - travel
Here: a sky beast (moderately wounded) Some shallow water, summoned.
Casting: Searing Ray (safe; 3% risk of failure)
Confirm with . or Enter, or press ? or * to list all spells.
Aiming: Searing Ray (safe; 3% risk of failure)
Press: ? - help, Shift-Dir - straight line, f - sky beast
Aim: a sky beast (moderately wounded, 69% to hit)
The searing ray misses the sky beast. (Press . to maintain the ray.)
The sky beast hits you.
* * * LOW HITPOINT WARNING * * *
The sky beast shocks you.
* * * LOW HITPOINT WARNING * * *
You see here 20 bolts.
The sky beast flickers out of sight!
Deactivating autopickup; reactivate with Ctrl-A.
A sky beast appears from thin air!
Reactivating autopickup.
The sky beast flickers out of sight!
Deactivating autopickup; reactivate with Ctrl-A.
A sky beast appears from thin air!
Reactivating autopickup.
The sky beast flickers out of sight!
Deactivating autopickup; reactivate with Ctrl-A.
You see here 20 bolts.
A sky beast appears from thin air!
Reactivating autopickup.
You aren't carrying any items that you can evoke.
As you read the scroll of teleportation, it crumbles to dust.
You feel strangely unstable. The sky beast hits you.
* * * LOW HITPOINT WARNING * * *
The sky beast shocks you.
You die...

##..####.........#
#.####
.....###.........###.###
..#.................<..#
...(...###.........#####
.##..#.....###)...##
.###....(....#....####
..####...............##
..## #.......#.>.Y##..#
...###########..@.##.##
.#....### ##.####(#
.####...# ##.# #≈#
....###.# #..# #.# ###.#
#.# #.## ##.#
....###.### #.# ##..#
###.......####.###..##
#.##.##......##..##
#.##.#######≈....#


You could see a sky beast.

Vanquished Creatures
  4 adders
  A dart slug (D:1)
  3 endoplasms
  A giant cockroach (D:1)
  2 hobgoblins (D:1)
  4 jackals (D:2)
  3 kobolds
  2 quokkas (D:2)
  4 ball pythons
  2 bats
  4 frilled lizards (D:1)
  A goblin (D:1)
  2 rats
33 creatures vanquished.

Vanquished Creatures (others)
  2 fungi (D:1)
2 creatures vanquished.

Grand Total: 35 creatures vanquished

Notes
Turn   | Place    | Note
-------+----------+-------------------------------------------
     0 | D:1      | Ezendos the Octopode Conjurer began the quest for the Orb.
     0 | D:1      | Reached XP level 1. HP: 11/11 MP: 3/3
   418 | D:1      | Reached XP level 2. HP: 13/18 MP: 0/5
   613 | D:1      | Found a faded altar of an unknown god.
   665 | D:1      | Reached skill level 1 in Fighting
   782 | D:1      | You fall into a shaft and drop 1 floor!
   827 | D:2      | Learned a level 2 spell: Searing Ray
   894 | D:2      | Reached XP level 3. HP: 16/23 MP: 0/6
  1612 | D:2      | Reached XP level 4. HP: 25/29 MP: 3/8
  1831 | D:3      | Noticed a sky beast
  1957 | D:2      | Slain by a sky beast

Illustrated notes

Levels and vault maps discovered:
D:1:      dpeg_arrival_three_smaller_balls, layout_basic,
          shapermc_ecumenical_altar_petra
D:2:      layout_rooms, minivault_27
D:3:      layout_loops_ring, jmf_multi_god_temple

Skill      XL: |  1  2 |
---------------+-------+-----
Stealth        | 3 |  3.0
Fighting       | 1 |  1.9
Dodging        | |  2.0
Spellcasting   | |  2.8
Conjurations   | |  4.5

Action                   |  1- 3 |  4- 6 || total
-------------------------+-------+-------++-------
Melee: Unarmed           |    17 |       ||    17
       Constrict         |     7 |       ||     7
       Tentacles         |     3 |       ||     3
 Cast: Magic Dart        |    41 |       ||    41
       Searing Ray       |     8 |     3 ||    11
  Use: Potion            |     1 |       ||     1
       Scroll            |       |     4 ||     4
Armor: Skin              |     3 |     1 ||     4
Dodge: Dodged            |    14 |     1 ||    15

Table legend: (Time is in decaauts)
 A = Elapsed time spent in this place.
 B = Non-inter-level travel time spent in this place.
 C = Inter-level travel time spent in this place.
 D = Time resting spent in this place.
 E = Time spent auto-exploring this place.
 F = Levels seen in this place.
 G = Mean time per level.
                   A        B        C        D        E       F      G
               +--------+--------+--------+--------+--------+-----+--------+
         Total |   1958 |   1917 |     41 |      2 |   1593 |   3 |  652.7 |
       Dungeon |   1958 |   1917 |     41 |      2 |   1593 |   3 |  652.7 |
               +--------+--------+--------+--------+--------+-----+--------+

Top non-repeatable levels by time:
     D:2: 1156 daAuts
     D:1: 782 daAuts
     D:3: 19 daAuts
